Map: [ESL] NeoHumanity

Players

Bly

  • Race: Zerg Zerg
  • Spawn Location: 5:00

GunGFuBanDa - Winner!

  • Race: Protoss Protoss
  • Spawn Location: 11:00

Event: ESL SC2 Masters 2023 Summer (Regionals)

VOD

Have the link to the VOD?

Description

Time

  • Played on: May 7, 2023, 1:05 p.m.
  • Length: 18:05

All games in this series

Show
View Real Time Build Order
Export as new Build Order

Bly Zerg 

Build Orders: Hatch First, Swarm Host 

Get SALT Encoding   

  12  0:00  Drone  
  13  0:12  Overlord  
  13  0:17  Drone  
  14  0:30  Drone x2  
  16  0:50  Drone  
  16  0:51  Hatchery  
  16  0:55  Drone  
  17  0:58  Drone  
  18  1:14  Unknown, Spawning Pool  
  18  1:16  Drone  
  17  1:19  Drone  
  18  1:27  Drone  
  19  1:46  Drone  
  20  1:50  Overlord  
  20  2:02  Queen  
  20  2:03  Queen, Zergling x4  
  26  2:12  Zergling x2  
  26  2:14  Zergling x2  
  28  2:21  Drone  
  29  2:26  Drone, Metabolic Boost  
  30  2:38  Queen  
  31  2:47  Drone  
  31  2:48  Drone  
  31  2:49  Overlord  
  33  2:54  Overlord  
  32  3:07  Drone x2  
  32  3:10  Drone x2  
  32  3:12  Hatchery  
  35  3:19  Drone  
  36  3:21  Drone x3  
  39  3:27  Spore Crawler  
  39  3:32  Queen  
  40  3:38  Roach Warren  
  40  3:40  Zergling x2  
  40  3:41  Zergling x2  
  42  3:48  Drone x3  
  42  3:49  Drone  
  45  3:57  Overlord  
  45  4:03  Overlord  
  45  4:05  Spore Crawler  
  45  4:06  Lair  
  44  4:13  Drone  
  45  4:19  Drone x4  
  49  4:25  Overlord  
  48  4:33  Extractor, Drone x3  
  50  4:40  Zergling x2, Spore Crawler  
  50  4:41  Zergling x4  
  50  4:43  Roach x3  
  58  4:49  Queen  
  58  4:52  Drone  
  60  5:03  Overlord  
  55  5:07  Queen  
  55  5:08  Drone x4  
  55  5:11  Extractor, Drone  
  60  5:19  Roach x5  
  70  5:23  Glial Reconstitution  
  70  5:35  Roach x4  
  78  5:50  Overlord  
  78  5:54  Drone x3  
  78  5:55  Infestation Pit  
  80  5:59  Overlord x4  
  79  6:15  Drone x5  
  84  6:20  Drone  
  85  6:33  Overlord  
  85  6:35  Overlord x2  
  83  6:58  Swarm Host x3  
  83  7:00  Swarm Host x6  
  119  7:02  Zergling x12  
  119  7:04  Overseer  
  125  7:09  Drone  
  125  7:10  Drone  
  127  7:18  Roach x2  
  130  7:38  Roach x7  
  130  7:41  Overlord x2  
  130  7:42  Overlord  
  130  7:43  Overlord  
  144  7:44  Overlord  
  144  7:46  Overlord  
  144  7:49  Overlord  
  143  7:53  Hatchery  
  143  7:56  Overlord  
  142  7:58  Overlord  
  142  7:59  Overlord  
  142  8:00  Overlord  
  131  8:13  Roach x7  
  125  8:30  Roach x8  
  135  8:38  Drone x3  
  138  9:01  Roach x9  
  148  9:15  Roach x3  
  140  9:31  Zergling x16  
  140  9:59  Roach x17  
  145  10:09  Roach x5  
  140  10:16  Roach x4  
  140  10:18  Roach x2  
  140  10:19  Roach  
  140  10:21  Queen x4  
  162  10:37  Roach x7  
  162  10:38  Roach  
  178  10:49  Overlord  
  168  10:52  Swarm Host x4  
  168  10:56  Overlord  
  179  10:57  Overlord  
  165  11:10  Drone x2  
  165  11:11  Drone x8  
  173  11:13  Extractor  
  173  11:14  Extractor  
  169  11:21  Drone x6  
  169  11:22  Extractor  
  169  11:23  Extractor  
  173  11:25  Overlord  
  173  11:43  Nydus Network  
  173  11:45  Drone x7  
  179  11:47  Evolution Chamber  
  179  11:50  Zergling x20  
  179  11:54  Overlord, Drone  
  175  12:11  Zergling x2  
  175  12:12  Zergling x16  
  184  12:25  Nydus Canal  
  184  12:27  Zerg Melee Weapons Level 1  
  176  12:38  Baneling Nest  
  173  12:45  Nydus Canal  
  173  12:47  Roach x8  
  173  12:48  Roach x5  
  172  12:59  Roach x4  
  171  13:19  Roach x4  
  178  13:31  Queen x2  
  178  13:32  Hatchery x2  
  166  13:42  Hatchery  
  165  13:49  Zergling x16  
  165  13:50  Spine Crawler  
  165  13:53  Spire  
  165  13:54  Hatchery  
  158  14:15  Nydus Canal  
  158  14:21  Zerg Missile Weapons Level 1  
  158  14:26  Roach  
  158  14:27  Roach x11  
  182  14:43  Overlord x3  
  182  14:45  Roach x9, Overlord x4  
  178  14:53  Roach  
  178  14:56  Spore Crawler, Overseer x3  
  179  15:05  Roach x7  
  179  15:06  Roach x3  
  197  15:09  Nydus Canal  
  195  15:25  Burrow, Tunneling Claws  
  180  15:38  Nydus Canal  
  174  15:45  Zergling x30  
  177  16:02  Roach x5, Hatchery  
  170  16:17  Hatchery  
  167  16:22  Roach x12  
  182  16:31  Roach x9  
  186  16:39  Roach x4  
  151  16:53  Roach x7  
  106  17:01  Roach x2  
  82  17:30  Drone x8  
  82  17:32  Roach x2  
  82  17:33  Roach  
  90  17:37  Roach x8  
  90  17:43  Roach x2  
Show
View Real Time Build Order
Export as new Build Order

GunGFuBanDa Protoss - Winner!

Build Orders: 1 Gate Expand, Oracle Opening 

Get SALT Encoding   

  12  0:00  Probe  
  13  0:13  Probe  
  14  0:17  Pylon  
  14  0:25  Probe (Chrono Boost)  
  15  0:37  Probe (Chrono Boost)  
  15  0:39  Gateway  
  16  0:44  Probe (Chrono Boost)  
  17  0:50  Assimilator  
  17  0:53  Probe  
  18  1:05  Probe  
  19  1:17  Probe  
  20  1:25  Cybernetics Core  
  20  1:37  Nexus  
  20  1:40  Probe  
  20  1:46  Assimilator  
  21  1:54  Pylon  
  21  1:59  Adept (Chrono Boost)  
  21  2:03  Warp Gate  
  23  2:12  Probe  
  24  2:19  Adept (Chrono Boost)  
  26  2:24  Probe  
  27  2:36  Probe  
  28  2:40  Stargate  
  28  2:46  Adept  
  28  2:48  Probe  
  31  2:52  Probe  
  32  3:03  Probe (Chrono Boost)  
  32  3:04  Probe (Chrono Boost)  
  33  3:15  Probe (Chrono Boost)  
  33  3:16  Probe (Chrono Boost)  
  33  3:18  Gateway  
  34  3:20  Gateway  
  34  3:22  Probe  
  35  3:28  Oracle (Chrono Boost)  
  39  3:34  Probe  
  39  3:36  Probe  
  40  3:46  Probe  
  42  3:51  Stalker  
  42  3:52  Pylon  
  44  3:57  Oracle (Chrono Boost)  
  46  4:09  Pylon  
  46  4:10  Probe x2  
  48  4:22  Probe x2  
  50  4:30  Oracle  
  53  4:35  Probe x2  
  55  4:40  Adept x2  
  55  4:41  Adept  
  55  4:43  Pylon  
  55  4:44  Assimilator  
  61  4:47  Probe  
  62  5:01  Probe x2  
  63  5:13  Probe, Stalker x2  
  68  5:16  Probe  
  68  5:18  Pylon  
  69  5:31  Probe  
  70  5:35  Probe  
  70  5:41  Zealot  
  72  5:42  Nexus  
  72  5:43  Pylon  
  72  5:46  Zealot  
  74  5:52  Probe, Adept  
  74  5:55  Twilight Council  
  77  5:57  Forge  
  78  6:04  Probe  
  78  6:06  Probe, Shield Battery  
  78  6:10  Stalker  
  81  6:14  Robotics Facility  
  81  6:15  Shield Battery  
  81  6:16  Probe  
  82  6:19  Probe  
  82  6:22  Pylon  
  83  6:27  Oracle (Chrono Boost)  
  83  6:31  Probe  
  85  6:37  Probe  
  85  6:44  Probe  
  86  6:48  Protoss Ground Weapons Level 1  
  86  6:50  Probe  
  86  6:53  Blink (Chrono Boost)  
  87  6:56  Probe x2, Stalker, Sentry  
  87  6:57  Stalker  
  95  7:01  Photon Cannon  
  95  7:03  Assimilator  
  95  7:04  Shield Battery  
  95  7:12  Photon Cannon  
  95  7:14  Probe x2  
  97  7:27  Stalker x2  
  97  7:28  Stalker  
  97  7:29  Probe  
  99  7:30  Probe  
  99  7:33  Probe  
  99  7:36  Gateway  
  100  7:38  Gateway x2  
  100  7:39  Pylon  
  100  7:45  Probe x2  
  100  7:46  Probe  
  100  7:48  Immortal (Chrono Boost)  
  100  7:50  Pylon  
  103  7:57  Probe  
  106  8:10  Stalker x3  
  91  8:16  Probe x2  
  82  8:21  Immortal  
  82  8:26  Probe  
  84  8:29  Pylon  
  84  8:34  Stalker  
  84  8:35  Stalker x5  
  84  8:37  Shield Battery x2  
  96  8:56  Shield Battery  
  96  9:00  Stalker x3  
  96  9:01  Stalker  
  92  9:17  Immortal (Chrono Boost)  
  92  9:18  Probe x3  
  92  9:22  Photon Cannon  
  99  9:32  Stalker x5  
  99  9:35  Pylon, Assimilator  
  99  9:36  Probe  
  99  9:37  Probe  
  111  9:40  Pylon  
  108  9:51  Immortal  
  108  10:02  Zealot  
  108  10:03  Zealot x3  
  108  10:04  Stalker x2  
  107  10:08  Protoss Ground Weapons Level 2  
  107  10:09  Probe (Chrono Boost)  
  107  10:10  Probe (Chrono Boost)  
  108  10:15  Gateway  
  108  10:30  Immortal  
  112  10:36  Stalker x2, Sentry  
  112  10:37  Stalker x2  
  115  10:57  Probe  
  111  11:05  Stalker x6  
  119  11:25  Nexus  
  117  11:31  Nexus  
  117  11:34  Dark Shrine  
  117  11:39  Sentry  
  117  11:40  Stalker x3  
  115  12:10  Stalker x5  
  125  12:38  Pylon  
  125  12:41  Pylon  
  125  12:43  Probe  
  126  12:44  Zealot x2  
  126  12:45  Zealot x5  
  132  12:52  Immortal  
  132  13:15  Probe (Chrono Boost)  
  132  13:17  Zealot x2  
  132  13:19  Probe x2 (Chrono Boost), Dark Templar x3  
  144  13:20  Probe (Chrono Boost), Dark Templar x2  
  144  13:23  Probe (Chrono Boost)  
  152  13:27  Probe x3 (Chrono Boost)  
  152  13:29  Probe  
  153  13:40  Probe (Chrono Boost)  
  148  13:42  Probe (Chrono Boost)  
  148  13:45  Photon Cannon  
  148  13:47  Probe (Chrono Boost)  
  148  13:48  Charge (Chrono Boost), Shield Battery  
  150  13:52  Probe (Chrono Boost)  
  150  13:53  Protoss Ground Weapons Level 3 (Chrono Boost)  
  150  13:54  Stalker  
  155  13:57  Photon Cannon  
  155  13:58  Probe (Chrono Boost), Pylon  
  155  13:59  Probe (Chrono Boost)  
  155  14:01  Probe (Chrono Boost)  
  156  14:08  Probe  
  149  14:18  Stalker x7  
  149  14:20  Probe  
  164  14:41  Immortal  
  158  14:46  Stalker  
  158  14:47  Stalker x2  
  154  14:59  Stalker x2  
  152  15:16  Zealot  
  152  15:17  Zealot x4  
  152  15:19  Probe, Photon Cannon  
  143  15:39  Stalker x7  
  147  16:03  Stalker x5  
  157  16:04  Zealot  
  159  16:12  Probe (Chrono Boost)  
  159  16:15  Assimilator  
  159  16:17  Probe (Chrono Boost)  
  159  16:21  Probe (Chrono Boost)  
  140  16:35  Zealot x5  
  140  16:43  Pylon  
  140  16:45  Nexus  
  140  16:46  Nexus, Pylon  
  128  17:01  Stalker x6  
  134  17:26  Stalker x7  
  145  17:54  Zealot, Dark Templar x2  
  145  17:55  Zealot  
  145  17:56  Zealot x3  
Tags
 
Add a new tag
Caveats
  • Supply blocks, unpowered buildings, or Contaminate may cause inaccurate times.
  • Supply counts are checked every 10 seconds.